 Dungeon Crawl Stone Soup version 0.31-a0-986-g5e6e4ef867 (webtiles) character file.

Game seed: 15691279438952584948

2466 Maratek the Cleaver (level 9, -1/75 HPs)
             Began as a Minotaur Fighter on Nov 3, 2023.
             Slain by a gnoll
             ... wielding a +0 halberd
             ... led by a gnoll bouda
              (7 damage)
             ... on level 7 of the Dungeon.
             The game lasted 00:09:16 (5384 turns).

Maratek the Cleaver (Minotaur Fighter)              Turns: 5384, Time: 00:09:16

Health: -1/75      AC: 13    Str: 24    XL:     9   Next: 26%
Magic:  8/8        EV:  6    Int:  5    God:
Gold:   366        SH:  0    Dex: 11    Spells: 8/8 levels left

rFire   . . .        a - +1 war axe
rCold   + . .        u - +0 kite shield
rNeg    . . .        k - +0 plate armour
rPois   .            (helmet restricted)
rElec   .            (no cloak)
rCorr   .            (no gloves)
SInv    .            (no boots)
Will    .....        (no amulet) Stlth
                     m - ring of protection from cold
HPRegen 0.32/turn    (no ring)
MPRegen 0.11/turn

%: no passive effects
@: confused, ambrosia-drunk
A: horns 2, retaliatory headbutt
a: no special abilities


You were on level 7 of the Dungeon.
You visited 2 branches of the dungeon, and saw 8 of its levels.

You collected 366 gold pieces.

Inventory:

Hand Weapons
 a - a +1 war axe (weapon)
Armour
 k - a +0 plate armour (worn)
 u - a +0 kite shield (worn)
Jewellery
 m - a ring of protection from cold (left hand)
Wands
 q - a wand of iceblast (6)
Scrolls
 c - a scroll of poison {unknown}
 g - 2 scrolls of fear
 h - 2 scrolls of revelation
Potions
 d - 2 potions of might
 f - a potion of mutation
 j - 2 potions of lignification {unknown}
 l - 2 potions of enlightenment {unknown}
 n - 2 potions of heal wounds {unknown}
 o - 2 potions of curing {unknown}
 p - 2 potions of attraction {unknown}
 r - a potion of magic {unknown}
 t - a potion of berserk rage {unknown}


   Skills:
 + Level 6.2 Fighting
 + Level 11.3 Axes
 + Level 8.0 Armour
 + Level 0.9 Dodging
 + Level 0.6 Stealth
 + Level 5.9 Shields


You had 8 spell levels left.
You didn't know any spells.
Your spell library contained the following spells:

 Spells                   Type           Power      Damage    Failure   Level
 Lesser Beckoning         Tloc           0%         N/A       100%        2
 Static Discharge         Conj/Air       0%         3-3/arc   100%        2
 Gell's Gravitas          Tloc           0%         N/A       100%        3
 Teleport Other           Tloc           0%         N/A       100%        3
 Airstrike                Air            0%         2d(0-16)  100%        4
 Summon Lightning Spire   Summ/Air       0%         N/A       100%        4


Dungeon Overview and Level Annotations

Branches:
Dungeon (7/15)             Temple (1/1) D:4

Altars:
Ashenzari
Cheibriados
Dithmenos
Fedhas
Hepliaklqana
Kikubaaqudgha
Makhleb
Nemelex Xobeh
Okawaru
Ru
Sif Muna
Trog
Uskayaw
Vehumet
Wu Jian
Xom
Yredelemnul
The Shining One

Annotations:
D:6 3 runed translucent doors, adozu's ghost, novice DrSh
D:7 Maggie
Temple 4 transporters


Innate Abilities, Weirdness & Mutations

You have a pair of horns on your head.
You reflexively headbutt those who attack you in melee.


Message History

The gnoll hits you from afar with a +0 halberd.
You block the gnoll's attack.
You closely miss the gnoll. You block the gnoll's attack.
The gnoll hits you with a +0 flail.
* * * LOW HITPOINT WARNING * * *
A gnoll comes into view. It is wielding a +0 halberd.
You barely miss the gnoll. Your headbutt misses the gnoll.
The gnoll hits you from afar with a +0 halberd!
* * * LOW HITPOINT WARNING * * *
The gnoll hits you but does no damage.
You hit the gnoll. Your headbutt misses the gnoll.
The gnoll is lightly wounded.
Your attacks no longer feel as feeble.
The gnoll hits you but does no damage. You block the gnoll's attack.
The gnoll barely misses you.
You slash the gnoll!
The gnoll is severely wounded.
The gnoll barely misses you. You block the gnoll's attack.
The gnoll hits you but does no damage.
You slash the gnoll!
You kill the gnoll!
You block the gnoll's attack.
The gnoll hits you from afar with a +0 halberd.
* * * LOW HITPOINT WARNING * * *
The gnoll hits you with a +0 halberd!
* * * LOW HITPOINT WARNING * * *
The gnoll completely misses you. You furiously retaliate!
You headbutt the gnoll!
There is an open door, spattered with blood here.
Items here: )) [ †.
You are confused.
You feel invigorated.
The gnoll is no longer moving quickly.
The gnoll hits you with a +0 halberd.
* * * LOW HITPOINT WARNING * * *
The gnoll hits you but does no damage.
Unknown command.
You slash the gnoll!
You kill the gnoll!
You barely miss the gnoll. The gnoll hits you with a +0 halberd!
You die...

########
#......#
#...)gS# #@#
#_# ### # .#
########.##
#.........#
#.........#.#


You could see a water moccasin (wandering) and a gnoll.

Vanquished Creatures
  Jeremiah (D:7)
  Prince Ribbit (D:6)
  Menkaure (D:6)
  An ice beast (D:3)
  2 black bears
  2 centaurs
  A bullfrog (D:6)
  A kobold brigand (D:7)
  4 scorpions
  4 wights (D:6)
  A howler monkey (D:5)
  2 hounds (D:6)
  3 orc priests
  A sleepcap (D:4)
  A gnoll bouda (D:7)
  3 jellies
  4 iguanas
  6 orc wizards
  5 gnolls
  11 adders
  A white imp (D:5)
  2 ufetubi (D:6)
  2 dart slugs (D:4)
  11 orcs
  3 bats
  2 bat zombies (D:4)
  3 endoplasms
  4 giant cockroaches
  13 goblins
  13 hobgoblins
  7 jackals
  3 quokkas
  6 ball pythons
  4 frilled lizards
  7 kobolds
  8 rats
  2 rat zombies (D:4)
146 creatures vanquished.

Notes
Turn   | Place    | Note
-------+----------+-------------------------------------------
     0 | D:1      | Maratek the Minotaur Fighter began the quest for the Orb.
     0 | D:1      | Reached XP level 1. HP: 19/19 MP: 0/0
   102 | D:1      | Reached XP level 2. HP: 24/27 MP: 1/1
   218 | D:1      | Reached XP level 3. HP: 33/33 MP: 2/2
   688 | D:2      | Reached skill level 3 in Axes
   809 | D:2      | Found an iron altar of Okawaru.
   825 | D:2      | Found a faded altar of an unknown god.
  1525 | D:3      | Reached XP level 4. HP: 40/40 MP: 3/3
  1826 | D:3      | Found a bloodstained altar of Trog.
  1900 | D:3      | Noticed an ice beast
  1908 | D:3      | Killed an ice beast
  1909 | D:3      | Reached skill level 4 in Axes
  1909 | D:3      | Reached XP level 5. HP: 47/47 MP: 4/4
  2319 | D:4      | Found a staircase to the Ecumenical Temple.
  2326 | D:4      | Reached skill level 5 in Axes
  2376 | D:4      | Reached XP level 6. HP: 51/53 MP: 5/5
  2384 | Temple   | Found a transporter.
  2384 | Temple   | Found a transporter.
  2384 | Temple   | Found a transporter.
  2384 | Temple   | Found a transporter.
  2384 | Temple   | Entered the Ecumenical Temple
  2522 | D:4      | Found an ancient bone altar of Kikubaaqudgha.
  2631 | D:4      | Reached skill level 6 in Axes
  2710 | D:4      | Reached skill level 5 in Armour
  3031 | D:4      | Reached skill level 7 in Axes
  3031 | D:4      | Reached XP level 7. HP: 59/60 MP: 6/6
  3211 | D:4      | Reached skill level 8 in Axes
  3386 | D:5      | Entered Level 5 of the Dungeon
  3492 | D:5      | Found a snail-covered altar of Cheibriados.
  3700 | D:5      | Found a shimmering altar of Xom.
  3801 | D:5      | Reached skill level 9 in Axes
  3801 | D:5      | Reached XP level 8. HP: 49/67 MP: 7/7
  3999 | D:5      | Reached skill level 5 in Fighting
  4288 | D:6      | Identified the +0 robe "Dihyaq" {rElec Will+ Int-5}
  4331 | D:6      | Found an iron altar of Okawaru.
  4362 | D:6      | Noticed Prince Ribbit
  4368 | D:6      | Found a shadowy altar of Dithmenos.
  4371 | D:6      | Killed Prince Ribbit
  4498 | D:6      | Found a runed translucent gate.
  4504 | D:6      | Reached skill level 5 in Shields
  4504 | D:6      | Found a runed translucent gate.
  4504 | D:6      | Found a runed translucent gate.
  4505 | D:6      | Noticed adozu's ghost (novice DrSh)
  4524 | D:6      | Reached skill level 10 in Axes
  4648 | D:6      | Noticed Menkaure
  4656 | D:6      | Killed Menkaure
  5068 | D:6      | Reached XP level 9. HP: 73/75 MP: 8/8
  5227 | D:7      | Noticed Jeremiah
  5261 | D:7      | Killed Jeremiah
  5262 | D:7      | Reached skill level 11 in Axes
  5264 | D:7      | Noticed Maggie
  5267 | D:7      | Found a hazy altar of Hepliaklqana.
  5382 | D:7      | HP: 3/75 [gnoll/+0 halberd[a gnoll bouda] (9)]
  5384 | D:7      | Slain by a gnoll

Illustrated notes

Levels and vault maps discovered:
D:1:      onia_arrival_pyramid, layout_basic
D:2:      layout_loops_corners, shapermc_ecumenical_altar_mp_highgroup,
          basic_altar
D:3:      layout_basic, trog_hazing_becter, kennysheep_nub
D:4:      layout_gridville, lemuel_zombie_altar_kikubaaqudgha,
          minmay_temple_entry_slanted
D:5:      layout_gridville, amcnicky_altar_gilded,
          mainiacjoe_overflow_concentric_impassable,
          kennysheep_decorative_pillar
D:6:      layout_basic, nicolae_dithmenos_the_darkroom,
          okawaru_altar_gauntlet_db, ebering_ghost_rock_garden, uniq_menkaure,
          uniq_prince_ribbit1
D:7:      layout_rooms, grunt_temple_overflow_gold_and_silver,
          kennysheep_mini_moat, serial_curves, eino_curves_03, eino_curves_02,
          enter_bailey_5, nicolae_ossuary_entry_catacombs,
          minmay_stone_trees_small, minmay_misc_feat_room, st_stairs_6,
          grunt_ministairs_4, uniq_jeremiah, uniq_maggie
Temple:   hellmonk_temple_divided_pantheon

Skill      XL: |  1  2  3  4  5  6  7  8  9 |
---------------+----------------------------+-----
Armour         | 4 5 6 7 8 |  8.0
Shields        | 4 5 |  5.9
Fighting       | 4 5 6 |  6.2
Axes           | 3 4 5 7 9 10 11 | 11.3
Dodging        | |  0.9
Stealth        | |  0.6

Action                     |  1- 3 |  4- 6 |  7- 9 || total
---------------------------+-------+-------+-------++-------
  Melee: War axe           |    90 |    94 |   192 ||   376
         Headbutt          |     6 |    13 |    34 ||    53
    Use: Scroll            |     6 |       |     7 ||    13
         Potion            |       |       |     2 ||     2
 Armour: Scale mail        |    35 |       |       ||    35
         Plate armour      |    34 |    92 |   166 ||   292
  Dodge: Dodged            |    58 |    22 |    52 ||   132
  Block: Buckler           |    24 |    14 |     9 ||    47
         Kite shield       |       |       |    54 ||    54

Table legend: (Time is in decaauts)
 A = Elapsed time spent in this place.
 B = Non-inter-level travel time spent in this place.
 C = Inter-level travel time spent in this place.
 D = Time resting spent in this place.
 E = Time spent auto-exploring this place.
 F = Levels seen in this place.
 G = Mean time per level.
                   A        B        C        D        E       F      G
               +--------+--------+--------+--------+--------+-----+--------+
         Total |   5462 |   5177 |    285 |     98 |   4175 |   8 |  682.8 |
       Dungeon |   5448 |   5163 |    285 |     98 |   4175 |   7 |  778.3 |
        Temple |     13 |     13 |      0 |      0 |      0 |   1 |   13.0 |
               +--------+--------+--------+--------+--------+-----+--------+

Top non-repeatable levels by time:
     D:4: 1073 daAuts
     D:6: 1005 daAuts
     D:3: 873 daAuts
     D:2: 865 daAuts
     D:5: 837 daAuts
     D:1: 624 daAuts
     D:7: 170 daAuts
  Temple: 13 daAuts
